 Dungeon Crawl Stone Soup version 0.19.5 (webtiles) character file.

213 equalderp2856 the Scratcher (level 5, -1/24 HPs)
             Began as a Felid Fighter on Mar 13, 2017.
             Slain by an orc wizard
             ... wielding a +0 dagger
              (4 damage)
             ... on level 6 of the Dungeon.
             The game lasted 00:09:46 (4280 turns).

equalderp2856 the Scratcher (Felid Fighter)         Turns: 4280, Time: 00:09:47

Health: -1/24      AC:  1    Str: 13    XL:     5   Next: 59%
Magic:  6/6        EV: 21    Int:  9    God:
Gold:   190        SH:  0    Dex: 16    Spells: 0 memorised, 4 levels left
                                        Lives:  0   Deaths: 1

rFire  . . .     SeeInvis +       - Unarmed
rCold  . . .     Gourm    .     (armour unavailable)
rNeg   . . .     Faith    .     (shield unavailable)
rPois  .         Spirit   .     (helmet unavailable)
rElec  .         Reflect  .     (cloak unavailable)
rCorr  .         Harm     .     (gloves unavailable)
MR     .....                    (boots unavailable)
Stlth  +++.......               (no amulet)
                                (no ring)
                                (no ring)

@: quick
A: no armour, no weapons or thrown items, stealth, claws 1, fangs 3, see
invisible, carnivore 3, speed 1, shaggy fur 1, slow metabolism 1, sharp paws
a: no special abilities


You were on level 6 of the Dungeon.
You were full.

You visited 1 branch of the dungeon, and saw 6 of its levels.

You collected 220 gold pieces.
You spent 30 gold pieces at shops.

Inventory:

Missiles
 e - 20 arrows
Jewellery
 f - an uncursed ring of stealth {unknown}
 g - an uncursed ring of wizardry {unknown}
 k - an uncursed amulet of guardian spirit {unknown}
 o - an uncursed ring of protection from cold {unknown}
 r - an uncursed ring of protection from magic {unknown}
Wands
 p - a wand of paralysis (10/24)
Scrolls
 d - 2 scrolls of remove curse {unknown}
 h - 4 scrolls of identify
 j - a scroll of noise {unknown}
 n - a scroll of teleportation {unknown}
 s - a scroll of immolation {unknown}
Potions
 a - 4 potions of might
 c - 2 potions of haste {unknown}
 i - 3 potions of degeneration
 q - 2 potions of curing
Comestibles
 b - 4 meat rations
 l - a bread ration
 m - a beef jerky


   Skills:
 + Level 3.5 Fighting
 + Level 5.4 Dodging
 + Level 3.6 Stealth
 + Level 5.8 Unarmed Combat


You had 4 spell levels left.
You didn't know any spells.

Dungeon Overview and Level Annotations

Branches:
Dungeon (6/15)
 Temple: D:4-7

Altars:
Nemelex Xobeh
Trog

Shops:
D:4 **

Annotations:
D:1 Ijyb
D:2 Sigmund
D:3 equalderp2856's ghost, weakling FeFi


Innate Abilities, Weirdness & Mutations

You cannot wear armour.
You are incapable of wielding weapons or throwing items.
Your paws allow you to move quietly. (Stealth)
You have sharp claws.
You have razor-sharp teeth.
You have supernaturally acute eyesight. (SInv)
You are carnivorous and can eat meat at any time.
You cover ground quickly.
You are covered in fur. (AC +1)
You have a slow metabolism.
Your sharp claws are effective at attacking unaware monsters.


Message History

You claw the orc wizard!
The orc wizard is heavily wounded.
The orc wizard barely misses you.
You miss the orc wizard.
The orc wizard is heavily wounded.
The orc wizard gestures wildly while chanting.
The orc wizard seems to speed up.
You scratch the orc wizard but do no damage.
The orc wizard is heavily wounded.
The orc wizard hits you with a dagger.
* * * LOW HITPOINT WARNING * * *
You barely miss the orc wizard. You bite the orc wizard.
The orc wizard is heavily wounded.
The orc wizard hits you with a dagger.
* * * LOW HITPOINT WARNING * * *
You scratch the orc wizard but do no damage.
You bite the orc wizard.
The orc wizard is severely wounded.
The orc wizard hits you with a dagger.
You die...

###
#..
#<#
#.#
#@#
#o#
#.#
#.#
#.#
...
#.#
#.#


You could see an orc wizard.

Vanquished Creatures
  A jelly (D:4)
  A centaur skeleton (D:4)
  A hound (D:4)
  A bullfrog skeleton (D:4)
  An orc wizard (D:4)
  5 adders
  4 worms
  2 dart slugs
  3 leopard geckos
  7 orcs
  3 giant cockroaches (D:1)
  7 goblins
  4 hobgoblins
  3 jackals (D:3)
  4 kobolds
  2 quokkas
  3 ball pythons
  6 bats
  7 frilled lizards
  3 rats
68 creatures vanquished.

Notes
Turn   | Place    | Note
-------+----------+-------------------------------------------
     0 | D:1      | equalderp2856 the Felid Fighter began the quest for the Orb.
     0 | D:1      | Reached XP level 1. HP: 10/10 MP: 2/2
   395 | D:1      | Reached XP level 2. HP: 8/14 MP: 3/3
   812 | D:1      | Found a sparkling altar of Nemelex Xobeh.
  1159 | D:2      | Reached skill level 1 in Stealth
  1159 | D:2      | Reached XP level 3. HP: 15/17 MP: 4/4
  1302 | D:2      | Noticed Ijyb
  1303 | D:2      | Noticed Sigmund
  2032 | D:3      | Noticed equalderp2856's ghost (weakling FeFi)
  2050 | D:2      | Reached XP level 4. HP: 21/21 MP: 5/5
  2596 | D:3      | Reached skill level 5 in Unarmed Combat
  2896 | D:3      | Found a bloodstained altar of Trog.
  2977 | D:3      | Killed from afar by an orc priest
  2978 | D:3      | Reached XP level 3. HP: -4/17 MP: 4/4
  3249 | D:4      | Reached XP level 4. HP: 15/21 MP: 5/5
  3273 | D:4      | Reached skill level 5 in Dodging
  3361 | D:4      | Found Fablu's General Store.
  3369 | D:4      | Bought a potion of degeneration for 10 gold pieces
  3369 | D:4      | Bought a scroll of identify for 20 gold pieces
  3479 | D:4      | Found Met Edud's General Store.
  3523 | D:4      | Reached XP level 5. HP: 15/24 MP: 6/6
  4269 | D:5      | Entered Level 5 of the Dungeon
  4269 | D:5      | Noticed an orc warrior
  4269 | D:5      | Noticed an ice beast
  4280 | D:6      | Slain by an orc wizard

Skill      XL: |  1  2  3  4 |
---------------+-------------+-----
Stealth        | 1 3 |  3.6
Unarmed Combat | 5 |  5.8
Dodging        | 5 |  5.4
Fighting       | |  3.5

Action                   |  1- 3 |  4- 6 || total
-------------------------+-------+-------++-------
Melee: Unarmed           |   108 |   120 ||   228
       Punch             |     3 |       ||     3
       Bite              |     9 |    15 ||    24
  Use: Potion            |     1 |       ||     1
 Stab: Sleeping          |     7 |     6 ||    13
       Distracted        |     1 |       ||     1
  Eat: Chunk             |     4 |     5 ||     9
Armor: Skin              |     2 |     6 ||     8
Dodge: Dodged            |    66 |   110 ||   176
